[ PARTIDA AOE2 · #505968810 ]
UnrankedPortugueses vs Japanese
Equipo del jugador · VICT
Equipo rival · DERR
[ ANÁLISIS DE REPETICIÓN · EXTRAÍDO DE LA PARTIDA GRABADA ]
Feudal
11:21
Castillos
15:16
Imperial
35:37
| APM promedio | 29.2 |
| APM pico | 82 |
| eAPM promedio | 20.8 |
| Aldeanos / militares | 142 / 66 |
Foco
⚔️ 28.8% · 🌾 71.2%
Organ Gun ×39 · Bombard Cannon ×11 · Knight ×8 · Monk ×3 · Battering Ram ×2 · Trebuchet (Packed) ×2
Feudal
9:33
Castillos
23:02
Imperial
37:06
| APM promedio | 43.7 |
| APM pico | 93 |
| eAPM promedio | 21.7 |
| Aldeanos / militares | 103 / 40 |
Foco
⚔️ 25.5% · 🌾 74.5%
Samurai ×37 · Battering Ram ×3 · Unknown (1105) ×2
Mapa de la partida
Recursos iniciales + cada clic de construcción. Líneas = muros · curvas = relieve. ◆ oro · ⬟ piedra · ● bayas · ✦ reliquia · ◌ hueco del cierre
Tu base· ✓ Cerrada en 15:16 · 49t muro · 3 puerta(s)
Base de Ux'Abdi· ✓ Cerrada en 23:02 · 7t muro · 6 puerta(s)
Terreno inicial suavizado · ◌ = hueco del cierre detectado · pasá el cursor para detalles
Inputs por minuto
— jj1471 - - Ux'Abdi
Build order — jj1471
Primeras 150 de 374 acciones detectadas
| 0:01 | Encolar | Villager (Male) |
| 0:01 | Encolar | Villager (Male) |
| 0:02 | Encolar | Villager (Male) |
| 0:02 | Encolar | Villager (Male) |
| 0:03 | Construir | House |
| 0:04 | Construir | House |
| 1:34 | Encolar | Villager (Male) |
| 1:48 | Construir | Lumber Camp |
| 2:05 | Encolar | Villager (Male) |
| 2:27 | Encolar | Villager (Male) |
| 2:50 | Encolar | Villager (Male) |
| 3:07 | Construir | House |
| 3:12 | Encolar | Villager (Male) |
| 3:31 | Encolar | Villager (Male) |
| 3:52 | Construir | Palisade Gate |
| 3:55 | Construir | House |
| 4:08 | Encolar | Villager (Male) |
| 4:10 | Construir | Palisade Wall |
| 4:11 | Construir | Palisade Wall |
| 4:13 | Construir | Palisade Wall |
| 4:15 | Construir | Palisade Wall |
| 4:17 | Construir | Palisade Wall |
| 4:18 | Construir | Palisade Wall |
| 4:21 | Construir | Palisade Wall |
| 4:25 | Construir | Palisade Wall |
| 4:29 | Encolar | Villager (Male) |
| 4:35 | Construir | Palisade Wall |
| 4:37 | Construir | Palisade Wall |
| 4:40 | Construir | Palisade Wall |
| 4:42 | Construir | Palisade Wall |
| 4:46 | Construir | Mill |
| 4:55 | Encolar | Villager (Male) |
| 5:10 | Encolar | Villager (Male) |
| 5:24 | Construir | House |
| 5:25 | Construir | House |
| 5:41 | Encolar | Villager (Male) |
| 6:03 | Encolar | Villager (Male) |
| 6:23 | Encolar | Villager (Male) |
| 6:43 | Encolar | Villager (Male) |
| 6:44 | Encolar | Villager (Male) |
| 6:44 | Encolar | Villager (Male) |
| 7:30 | Encolar | Villager (Male) |
| 7:31 | Encolar | Villager (Male) |
| 7:31 | Encolar | Villager (Male) |
| 8:28 | Construir | Farm |
| 8:29 | Construir | Farm |
| 8:39 | Construir | Barracks |
| 8:58 | Construir | Mining Camp |
| 9:02 | Investigar | Feudal Age |
| 9:21 | Construir | Farm |
| 9:44 | Encolar | Villager (Male) |
| 9:48 | Construir | Farm |
| 9:51 | Encolar | Villager (Male) |
| 10:06 | Construir | Farm |
| 10:41 | Construir | Palisade Wall |
| 10:43 | Construir | Palisade Wall |
| 10:45 | Construir | Palisade Wall |
| 11:08 | Construir | Palisade Wall |
| 11:21 | Edad | Edad Feudal |
| 11:26 | Construir | Palisade Wall |
| 11:31 | Construir | Market |
| 11:35 | Construir | Stable |
| 11:57 | Construir | House |
| 12:01 | Encolar | Villager (Male) |
| 12:28 | Investigar | Castle Age |
| 12:40 | Construir | House |
| 12:44 | Construir | Palisade Wall |
| 12:50 | Construir | Palisade Wall |
| 13:13 | Investigar | Double-Bit Axe |
| 13:24 | Construir | Palisade Wall |
| 13:33 | Construir | Farm |
| 13:37 | Construir | Farm |
| 13:41 | Construir | Palisade Wall |
| 14:32 | Construir | Palisade Wall |
| 14:34 | Construir | Palisade Wall |
| 14:42 | Encolar | Villager (Male) |
| 15:06 | Construir | Farm |
| 15:16 | Edad | Edad de los Castillos |
| 15:22 | Construir | Blacksmith |
| 15:26 | Investigar | Bow Saw |
| 15:29 | Encolar | Knight |
| 15:31 | Encolar | Villager (Male) |
| 15:44 | Construir | Farm |
| 15:49 | Encolar | Villager (Male) |
| 15:56 | Construir | Siege Workshop |
| 16:06 | Encolar | Knight |
| 16:06 | Encolar | Knight |
| 16:14 | Construir | House |
| 16:15 | Construir | House |
| 16:16 | Construir | House |
| 16:19 | Encolar | Villager (Male) |
| 16:30 | Encolar | Battering Ram |
| 16:43 | Encolar | Villager (Male) |
| 16:47 | Construir | Farm |
| 16:58 | Construir | Farm |
| 17:05 | Encolar | Knight |
| 17:10 | Construir | Farm |
| 17:14 | Encolar | Villager (Male) |
| 17:17 | Construir | Farm |
| 17:50 | Encolar | Villager (Male) |
| 18:04 | Encolar | Knight |
| 18:18 | Encolar | Villager (Male) |
| 18:37 | Encolar | Villager (Male) |
| 18:45 | Construir | Farm |
| 18:46 | Construir | Farm |
| 18:47 | Construir | Farm |
| 18:51 | Investigar | Loom |
| 19:04 | Encolar | Villager (Male) |
| 19:10 | Encolar | Battering Ram |
| 19:16 | Construir | Farm |
| 19:32 | Encolar | Villager (Male) |
| 19:33 | Encolar | Villager (Male) |
| 19:33 | Encolar | Villager (Male) |
| 19:59 | Encolar | Villager (Male) |
| 20:02 | Encolar | Villager (Male) |
| 20:06 | Construir | Town Center |
| 20:19 | Encolar | Knight |
| 20:33 | Encolar | Villager (Male) |
| 20:47 | Encolar | Knight |
| 20:56 | Encolar | Villager (Male) |
| 21:01 | Construir | Farm |
| 21:03 | Construir | Farm |
| 21:12 | Encolar | Knight |
| 21:21 | Encolar | Villager (Male) |
| 21:44 | Encolar | Villager (Male) |
| 21:52 | Encolar | Villager (Male) |
| 21:55 | Construir | Town Center |
| 22:08 | Encolar | Villager (Male) |
| 22:12 | Encolar | Villager (Male) |
| 22:16 | Construir | House |
| 22:16 | Construir | House |
| 22:16 | Construir | House |
| 22:17 | Construir | House |
| 22:17 | Construir | House |
| 22:17 | Construir | House |
| 22:18 | Construir | House |
| 22:18 | Construir | House |
| 22:18 | Construir | House |
| 22:31 | Encolar | Villager (Male) |
| 22:40 | Encolar | Villager (Male) |
| 22:42 | Construir | Farm |
| 22:46 | Encolar | Villager (Male) |
| 22:48 | Construir | Farm |
| 22:50 | Construir | Farm |
| 22:51 | Encolar | Villager (Male) |
| 23:01 | Encolar | Villager (Male) |
| 23:12 | Construir | Stone Wall |
| 23:14 | Construir | Stone Wall |
| 23:23 | Encolar | Villager (Male) |
| 23:25 | Construir | Monastery |
Build order — Ux'Abdi
Primeras 150 de 290 acciones detectadas
| 0:00 | Encolar | Villager (Male) |
| 0:00 | Encolar | Villager (Male) |
| 0:01 | Construir | House |
| 0:02 | Construir | House |
| 0:07 | Encolar | Villager (Male) |
| 0:08 | Encolar | Villager (Male) |
| 1:29 | Encolar | Villager (Male) |
| 1:45 | Construir | Lumber Camp |
| 1:54 | Encolar | Villager (Male) |
| 1:55 | Encolar | Villager (Male) |
| 2:13 | Encolar | Villager (Male) |
| 2:34 | Encolar | Villager (Male) |
| 2:59 | Encolar | Villager (Male) |
| 3:00 | Encolar | Villager (Male) |
| 3:35 | Encolar | Villager (Male) |
| 3:51 | Construir | House |
| 3:52 | Construir | House |
| 3:59 | Encolar | Villager (Male) |
| 4:25 | Encolar | Villager (Male) |
| 4:57 | Encolar | Villager (Male) |
| 5:17 | Encolar | Villager (Male) |
| 5:40 | Encolar | Villager (Male) |
| 5:50 | Investigar | Loom |
| 6:55 | Encolar | Villager (Male) |
| 7:01 | Construir | Mill |
| 7:23 | Investigar | Feudal Age |
| 7:32 | Construir | Mining Camp |
| 8:24 | Encolar | Villager (Male) |
| 9:08 | Encolar | Villager (Male) |
| 9:33 | Edad | Edad Feudal |
| 9:34 | Construir | Watch Tower |
| 9:41 | Investigar | Double-Bit Axe |
| 9:47 | Construir | Mill |
| 9:53 | Encolar | Villager (Male) |
| 9:57 | Construir | Barracks |
| 10:02 | Construir | Farm |
| 10:20 | Construir | Watch Tower |
| 10:26 | Construir | Farm |
| 10:31 | Encolar | Villager (Male) |
| 10:37 | Construir | House |
| 10:46 | Encolar | Villager (Male) |
| 11:01 | Construir | Watch Tower |
| 11:06 | Encolar | Villager (Male) |
| 11:08 | Construir | Farm |
| 11:20 | Construir | Farm |
| 11:42 | Construir | Watch Tower |
| 11:48 | Construir | Farm |
| 12:06 | Encolar | Villager (Male) |
| 12:13 | Construir | Blacksmith |
| 12:27 | Construir | House |
| 13:06 | Encolar | Villager (Male) |
| 13:08 | Construir | Farm |
| 13:09 | Investigar | Fletching |
| 13:34 | Encolar | Villager (Male) |
| 13:58 | Encolar | Villager (Male) |
| 14:10 | Encolar | Villager (Male) |
| 14:18 | Construir | House |
| 14:30 | Construir | Farm |
| 14:44 | Construir | Watch Tower |
| 14:50 | Encolar | Villager (Male) |
| 14:59 | Construir | House |
| 15:00 | Encolar | Villager (Male) |
| 15:02 | Construir | Farm |
| 15:12 | Encolar | Villager (Male) |
| 15:18 | Construir | Farm |
| 15:34 | Encolar | Villager (Male) |
| 15:48 | Construir | Farm |
| 16:11 | Encolar | Villager (Male) |
| 16:34 | Construir | Farm |
| 16:37 | Encolar | Villager (Male) |
| 16:54 | Construir | Watch Tower |
| 17:00 | Construir | Palisade Wall |
| 17:03 | Encolar | Villager (Male) |
| 17:09 | Construir | Farm |
| 17:26 | Construir | Farm |
| 17:39 | Construir | Palisade Wall |
| 17:41 | Construir | Palisade Wall |
| 17:45 | Construir | Palisade Wall |
| 17:48 | Construir | Palisade Wall |
| 17:52 | Construir | Palisade Wall |
| 17:59 | Construir | Palisade Wall |
| 18:08 | Construir | Palisade Gate |
| 18:10 | Construir | Palisade Gate |
| 18:17 | Encolar | Villager (Male) |
| 18:31 | Construir | House |
| 18:37 | Construir | Palisade Gate |
| 18:40 | Construir | House |
| 18:41 | Encolar | Villager (Male) |
| 18:44 | Construir | Market |
| 19:12 | Encolar | Villager (Male) |
| 19:15 | Construir | Farm |
| 19:50 | Encolar | Villager (Male) |
| 19:51 | Construir | Farm |
| 19:52 | Construir | Farm |
| 19:54 | Construir | Mining Camp |
| 20:15 | Encolar | Villager (Male) |
| 20:21 | Investigar | Castle Age |
| 20:26 | Construir | House |
| 20:30 | Construir | House |
| 20:45 | Construir | House |
| 20:49 | Encolar | Villager (Male) |
| 20:59 | Construir | Farm |
| 21:02 | Construir | Farm |
| 21:03 | Investigar | Scale Mail Armor |
| 21:04 | Investigar | Scale Mail Armor |
| 21:04 | Investigar | Forging |
| 21:15 | Investigar | Gold Mining |
| 21:15 | Investigar | Gold Mining |
| 21:53 | Construir | Farm |
| 22:00 | Construir | Lumber Camp |
| 22:30 | Investigar | Horse Collar |
| 23:02 | Edad | Edad de los Castillos |
| 23:04 | Construir | Castle |
| 23:04 | Encolar | Villager (Male) |
| 23:21 | Encolar | Villager (Male) |
| 23:23 | Investigar | Bow Saw |
| 23:37 | Construir | Farm |
| 23:38 | Encolar | Villager (Male) |
| 23:47 | Construir | House |
| 23:50 | Construir | Farm |
| 23:54 | Encolar | Villager (Male) |
| 24:24 | Encolar | Villager (Male) |
| 24:27 | Encolar | Samurai ×5 |
| 24:43 | Construir | Siege Workshop |
| 24:46 | Encolar | Villager (Male) |
| 24:58 | Construir | Lumber Camp |
| 25:01 | Encolar | Samurai ×5 |
| 25:01 | Encolar | Samurai ×5 |
| 25:02 | Encolar | Samurai ×5 |
| 25:14 | Investigar | Chain Mail Armor |
| 25:14 | Investigar | Chain Mail Armor |
| 25:14 | Encolar | Villager (Male) |
| 25:32 | Encolar | Battering Ram |
| 25:32 | Encolar | Battering Ram |
| 25:39 | Encolar | Samurai ×4 |
| 25:52 | Construir | Farm |
| 25:52 | Encolar | Villager (Male) |
| 26:02 | Encolar | Battering Ram |
| 26:10 | Construir | Farm |
| 26:11 | Construir | Farm |
| 26:22 | Encolar | Unit 1105 |
| 26:22 | Encolar | Unit 1105 |
| 26:27 | Encolar | Villager (Male) |
| 26:31 | Investigar | Wheelbarrow |
| 26:37 | Encolar | Samurai |
| 26:47 | Construir | Farm |
| 26:48 | Construir | Farm |
| 27:02 | Encolar | Samurai ×2 |
| 27:02 | Encolar | Samurai ×2 |
| 27:09 | Encolar | Samurai |
Cronología de la partida
| 4:10 | jj1471 · wall_segment Palisade Wall x1 |
| 4:11 | jj1471 · wall_segment Palisade Wall x1 |
| 4:13 | jj1471 · wall_segment Palisade Wall x1 |
| 4:15 | jj1471 · wall_segment Palisade Wall x1 |
| 4:17 | jj1471 · wall_segment Palisade Wall x1 |
| 4:18 | jj1471 · wall_segment Palisade Wall x1 |
| 4:21 | jj1471 · wall_segment Palisade Wall x1 |
| 4:25 | jj1471 · wall_segment Palisade Wall x1 |
| 4:35 | jj1471 · wall_segment Palisade Wall x1 |
| 4:37 | jj1471 · wall_segment Palisade Wall x1 |
| 4:40 | jj1471 · wall_segment Palisade Wall x1 |
| 4:42 | jj1471 · wall_segment Palisade Wall x1 |
| 8:39 | jj1471 · first_building Barracks |
| 9:33 | Ux'Abdi · age_up feudal |
| 9:57 | Ux'Abdi · first_building Barracks |
| 10:41 | jj1471 · wall_segment Palisade Wall x1 |
| 10:43 | jj1471 · wall_segment Palisade Wall x1 |
| 10:45 | jj1471 · wall_segment Palisade Wall x4 |
| 11:08 | jj1471 · wall_segment Palisade Wall x3 |
| 11:21 | jj1471 · age_up feudal |
| 11:26 | jj1471 · wall_segment Palisade Wall x4 |
| 11:35 | jj1471 · first_building Stable |
| 12:24 | jj1471 · first_market_buy 100 food |
| 12:25 | jj1471 · first_market_sell 100 wood |
| 12:44 | jj1471 · wall_segment Palisade Wall x5 |
| 12:50 | jj1471 · wall_segment Palisade Wall x5 |
| 13:24 | jj1471 · wall_segment Palisade Wall x7 |
| 13:41 | jj1471 · wall_segment Palisade Wall x5 |
| 14:32 | jj1471 · wall_segment Palisade Wall x1 |
| 14:34 | jj1471 · wall_segment Palisade Wall x1 |
| 15:16 | jj1471 · age_up castle |
| 15:56 | jj1471 · first_building Siege Workshop |
| 17:00 | Ux'Abdi · wall_segment Palisade Wall x1 |
| 17:39 | Ux'Abdi · wall_segment Palisade Wall x1 |
| 17:41 | Ux'Abdi · wall_segment Palisade Wall x1 |
| 17:45 | Ux'Abdi · wall_segment Palisade Wall x1 |
| 17:48 | Ux'Abdi · wall_segment Palisade Wall x1 |
| 17:52 | Ux'Abdi · wall_segment Palisade Wall x1 |
| 17:59 | Ux'Abdi · wall_segment Palisade Wall x1 |
| 20:18 | Ux'Abdi · first_market_sell 100 food |
| 23:02 | Ux'Abdi · age_up castle |
| 23:04 | Ux'Abdi · first_building Castle |
| 23:12 | jj1471 · wall_segment Stone Wall x1 |
| 23:14 | jj1471 · wall_segment Stone Wall x1 |
| 23:25 | jj1471 · first_building Monastery |
| 24:43 | Ux'Abdi · first_building Siege Workshop |
| 25:15 | jj1471 · wall_segment Stone Wall x6 |
| 25:40 | jj1471 · wall_segment Stone Wall x1 |
| 25:56 | jj1471 · wall_segment Stone Wall x1 |
| 25:57 | jj1471 · wall_segment Stone Wall x1 |
| 26:04 | jj1471 · wall_segment Stone Wall x1 |
| 28:23 | Ux'Abdi · first_market_buy 100 stone |
| 28:51 | jj1471 · wall_segment Stone Wall x10 |
| 29:03 | jj1471 · first_building Castle |
| 29:44 | jj1471 · wall_segment Stone Wall x4 |
| 29:50 | jj1471 · wall_segment Stone Wall x1 |
| 29:51 | jj1471 · wall_segment Stone Wall x1 |
| 30:15 | jj1471 · wall_segment Stone Wall x1 |
| 30:18 | jj1471 · wall_segment Stone Wall x10 |
| 30:58 | jj1471 · wall_segment Stone Wall x7 |
| 31:17 | jj1471 · wall_segment Stone Wall x1 |
| 35:37 | jj1471 · age_up imperial |
| 37:06 | Ux'Abdi · age_up imperial |
| 38:02 | Ux'Abdi · first_building Archery Range |
| 40:15 | Ux'Abdi · first_building Stable |
| 41:09 | Ux'Abdi · resign |
[ ANÁLISIS IA · 1 CRÉDITO ]
¿Qué pasó realmente en esta partida?
Wolo.gg analiza cada decisión: build order, eco, micro, errores típicos por bracket. Análisis personalizado por WhatsApp o Discord en 30 segundos.
Guía civ
Portugueses
Perfil
jj1471